 Dungeon Crawl Stone Soup version 0.21.1-1-g345015fe64 (webtiles) character file.

67020 Gargoyl the Cleaver (level 14, -2/124 HPs)
             Began as a Centaur Abyssal Knight on May 26, 2018.
             Was the Champion of Lugonu.
             Slain by a red ugly thing (22 damage)
             ... on level 14 of the Dungeon.
             The game lasted 00:41:52 (22476 turns).

Gargoyl the Cleaver (Centaur Abyssal Knight)       Turns: 22476, Time: 00:41:53

Health: -2/124     AC: 24    Str: 19    XL:     14   Next: 81%
Magic:  0/23       EV:  4    Int: 14    God:    Lugonu [******]
Gold:   827        SH:  3    Dex: 10    Spells: 13/13 levels left

rFire    . . .     SeeInvis .   r - +9 war axe
rCold    . . .     Gourm    .   Q - +0 buckler
rNeg     + . .     Faith    .   d - +2 plate armour
rPois    +         Spirit   +   s - +2 hat of the Bear Spirit {Spirit, +Rage rN+ MR++}
rElec    .         Reflect  .   p - +2 cloak
rCorr    .         Harm     .   C - +2 pair of gloves {archery}
MR       ++++.                  (no barding)
Stlth    ..........             g - amulet of regeneration
HPRegen  0.70/turn              v - +3 ring of intelligence
MPRegen  0.18/turn              D - ring of poison resistance

@: very quick
A: large, hooves 3, horns 1, deformed body, speed 2, magic resistance 1, tough
skin 3, wild magic 2
a: Depart the Abyss, Bend Space, Banish, Corrupt, Enter the Abyss, Brand Weapon
With Distortion, Renounce Religion, Evoke Berserk Rage


You were on level 14 of the Dungeon.
You worshipped Lugonu.
Lugonu was exalted by your worship.
You were not hungry.

You visited 2 branches of the dungeon, and saw 20 of its levels.
You visited the Abyss 1 time.
You also visited: Sewer and Volcano.

You collected 1037 gold pieces.
You spent 210 gold pieces at shops.

Inventory:

Hand Weapons
 a - a +2 hand axe
 r - a +9 war axe (weapon)
 J - a +3 halberd of venom
Missiles
 b - 5 javelins (quivered)
Armour
 d - a +2 plate armour (worn)
 p - a +2 cloak (worn)
 s - the +2 hat of the Bear Spirit (worn) {Spirit, +Rage rN+ MR++}
   (You found it on level 4 of the Dungeon)

   It protects you from negative energy.
   It affects your resistance to hostile enchantments.
   It lets you go berserk.
 C - a +2 pair of gloves of archery (worn)
 G - a +0 helmet
 K - the +2 scale mail "Esuomm" {rElec Int+4}
   (You found it on level 6 of the Lair of Beasts)

   It affects your intelligence (+4).
   It insulates you from electricity.
 Q - a +0 buckler (worn)
Jewellery
 g - an amulet of regeneration (around neck)
 v - a +3 ring of intelligence (left hand)
 D - a ring of poison resistance (right hand)
 M - a +2 ring of intelligence
 P - a cursed -5 ring of strength {unknown}
Wands
 y - a wand of acid (5)
 B - a wand of flame (47)
 F - a wand of paralysis (16)
 H - a wand of polymorph (12)
 N - a wand of digging (18)
Scrolls
 i - 5 scrolls of fear
 m - 5 scrolls of teleportation
 n - 3 scrolls of fog
 q - 2 scrolls of blinking
 t - 6 scrolls of identify
 x - 9 scrolls of remove curse
 z - 3 scrolls of magic mapping
 A - 6 scrolls of amnesia
 O - a scroll of enchant weapon
Potions
 e - 6 potions of agility
 f - 7 potions of lignification
 h - 4 potions of heal wounds
 j - 9 potions of flight
 k - 10 potions of curing
 l - 3 potions of might
 u - 2 potions of magic
 w - 2 potions of brilliance
 I - a potion of cancellation
Books
 o - a book of Summonings

   Spells                             Type                      Level
   a - Recall                         Summoning/Translocation      3
   b - Aura of Abjuration             Summoning                    5
   c - Summon Demon                   Summoning                    5
   d - Summon Forest                  Summoning/Translocation      5
   e - Summon Mana Viper              Hexes/Summoning              5
   f - Shadow Creatures               Summoning                    6
 E - a book of Changes

   Spells                             Type                      Level
   a - Beastly Appendage              Transmutation                1
   b - Sticks to Snakes               Transmutation                2
   c - Spider Form                    Transmutation/Poison         3
   d - Ice Form                       Ice/Transmutation            4
   e - Blade Hands                    Transmutation                5
 L - a book of Battle

   Spells                             Type                      Level
   a - Infusion                       Charms                       1
   b - Shroud of Golubria             Charms/Translocation         2
   c - Song of Slaying                Charms                       2
   d - Spectral Weapon                Hexes/Charms                 3
   e - Regeneration                   Charms/Necromancy            3
Comestibles
 c - 17 rations


   Skills:
 + Level 11.2 Fighting
 + Level 13.7 Axes
 + Level 2.0 Throwing
 * Level 11.5 Armour
 + Level 1.5 Dodging
 * Level 12.8 Invocations
 + Level 1.4 Evocations


You had 13 spell levels left.
You didn't know any spells.

Dungeon Overview and Level Annotations

Branches:
Dungeon (14/15)            Temple (0/1) D:7            Lair (6/6) D:9
 Shoals (0/4) Lair:3       Spider (0/4) Lair:4        Slime (0/5) Lair:6
    Orc (0/2) D:11
 Vaults: D:13-14

Altars:
Cheibriados
Dithmenos
Kikubaaqudgha
Okawaru
Qazlal
Ru
Sif Muna
Trog
Wu Jian
Xom
Yredelemnul
Jiyva

Shops:
D:5 *   D:6 *

Annotations:
Abyss:1 Sonja


Innate Abilities, Weirdness & Mutations

You have hooves in place of feet.
Armour fits poorly on your strangely shaped body.
You cover ground very quickly.
You have extremely tough skin. (AC +3)
You have a pair of small horns on your head.
You are resistant to hostile enchantments. (MR+)
Your spells are harder to cast, but more powerful.


Message History

The red ugly thing headbutts you but does no damage.
Your plate armour prevents you from hitting the red ugly thing.
Your kick misses the red ugly thing.
Your headbutt misses the red ugly thing.
The red ugly thing is almost dead.
The red ugly thing barely misses you.
You closely miss the red ugly thing.
The red ugly thing is almost dead.
The red ugly thing headbutts you.
* * * LOW HITPOINT WARNING * * *
You are engulfed in flames!!
* * * LOW HITPOINT WARNING * * *
You feel much better. The red ugly thing headbutts you.
* * * LOW HITPOINT WARNING * * *
You are engulfed in flames!!
* * * LOW HITPOINT WARNING * * *
You feel much better. The red ugly thing headbutts you.
* * * LOW HITPOINT WARNING * * *
You are engulfed in flames!!
You die...

... ..........###.##.#... # #.#
#........##.....#.## #.. #####.#
#..............#.# #...#...#.#
#....##.##..####.#
#.......#.#####.#.###.##..####.#
##..............................
#.###.<...<.....(........####.#
# ####.#####.u#(##.########
#.#####.@#.##.........
........†..(..########
########.......# #########


You could see a red ugly thing.

Vanquished Creatures
  Rupert (D:11)
  5 centaur warriors
  Harold (D:12)
  6 two-headed ogres
  2 tengu warriors (D:14)
  The ghost of Dickchan the Markscentaur, a novice CeHu of Okawaru (D:8)
  A salamander mystic (Volcano)
  2 unseen horrors (D:12)
  A wizard (D:14)
  A harpy (shapeshifter) (D:13)
  3 ugly things
  A wolf spider (Lair:4)
  2 cyclopes
  A salamander (Volcano)
  5 elephants (Lair:5)
  3 merfolk sirens (Lair:3)
  4 black mambas
  Joseph (D:8)
  3 centaur skeletons
  24 spiny frogs
  3 rime drakes
  A freezing wraith (D:13)
  7 komodo dragons
  2 trolls
  A tengu conjurer (D:13)
  2 jumping spiders (Lair:4)
  A merfolk (Lair:3)
  A hornet (D:14)
  2 tyrant leeches (Lair:6)
  7 slime creatures
  7 hippogriffs
  A harpy skeleton (D:14)
  30 blink frogs
  A redback (Lair:4)
  A shadow (D:12)
  A wraith (D:13)
  3 wyverns
  33 yaks
  5 fire bats (Volcano)
  8 vampire mosquitoes
  3 hungry ghosts
  A basilisk (Lair:2)
  10 water moccasins
  8 porcupines
  An ice beast (D:5)
  3 sky beasts
  3 orc warriors
  A phantom (D:7)
  A black bear (D:7)
  A necrophage (D:10)
  8 ogres
  15 centaurs
  19 wolves
  13 crocodiles
  7 big kobolds
  2 wyvern zombies
  34 bullfrogs
  10 scorpions
  A wyvern skeleton (D:13)
  4 killer bees
  14 wights
  7 howler monkeys
  A crimson imp (D:8)
  4 lava snakes (Volcano)
  A quasit (D:9)
  3 bullfrog skeletons
  3 centaur zombies
  A gnoll shaman (D:4)
  11 orc priests
  4 hounds
  10 jellies
  Crazy Yiuf (D:2)
  5 iguanas
  Terence (D:2)
  Jessica (D:2)
  11 orc wizards
  7 worker ants
  A killer bee zombie (D:7)
  A hound zombie (D:5)
  A hound skeleton (D:5)
  A mummy (D:7)
  A howler monkey zombie (D:3)
  2 worker ant zombies
  8 gnolls
  2 howler monkey skeletons
  14 adders
  3 shadow imps
  8 oozes
  5 worms
  2 dart slugs (D:1)
  7 leopard geckos
  44 orcs
  7 giant cockroaches
  6 goblins
  8 hobgoblins
  10 jackals
  8 quokkas
  A ball python (Sewer)
  9 bats
  6 frilled lizards
  A jackal skeleton (D:4)
  23 kobolds
  A leopard gecko skeleton (D:4)
  12 rats
  3 fungi
  6 plants (Lair:6)
616 creatures vanquished.

Vanquished Creatures (others)
  5 hydras
  A two-headed ogre (D:7)
  A tyrant leech (Lair:6)
  An electric eel (Lair:6)
  6 bushes
  25 fungi
  51 plants
90 creatures vanquished.

Grand Total: 706 creatures vanquished

Notes
Turn   | Place    | Note
-------+----------+-------------------------------------------
     0 | Abyss:1  | Gargoyl the Centaur Abyssal Knight began the quest for the Orb.
     0 | Abyss:1  | Reached XP level 1. HP: 19/19 MP: 2/2
    14 | Abyss:2  | Noticed a small abomination
    80 | Abyss:3  | Noticed a rakshasa
   113 | Abyss:3  | Noticed an ancient zyme
   115 | Abyss:3  | Noticed a small abomination
   116 | Abyss:3  | Noticed an ancient zyme
   117 | D:1      | Escaped the Abyss
   240 | D:1      | Reached XP level 2. HP: 24/26 MP: 3/3
   856 | D:2      | Noticed Terence
   868 | D:2      | Killed Terence
   868 | D:2      | Reached skill level 2 in Axes
   868 | D:2      | Reached XP level 3. HP: 27/31 MP: 3/5
   960 | D:2      | Reached * piety under Lugonu
  1355 | D:2      | Reached XP level 4. HP: 35/38 MP: 6/6
  1805 | D:2      | Noticed Jessica
  1821 | D:2      | Killed Jessica
  1828 | D:2      | Found a runed door.
  2302 | D:2      | Noticed Crazy Yiuf
  2321 | D:2      | Killed Crazy Yiuf
  2321 | D:2      | Reached XP level 5. HP: 16/45 MP: 7/7
  2922 | D:3      | Found a shimmering altar of Xom.
  3105 | D:4      | Reached ** piety under Lugonu
  3334 | D:4      | Found the +2 hat of the Bear Spirit {Spirit, +Rage rN+ MR++}
  3508 | D:4      | Found a deep blue altar of Sif Muna.
  3556 | D:4      | Reached XP level 6. HP: 49/51 MP: 6/8
  3709 | D:4      | Reached skill level 3 in Axes
  4417 | D:5      | Entered Level 5 of the Dungeon
  4426 | D:5      | Found a basalt altar of Yredelemnul.
  4468 | D:5      | Found Rexuz's Assorted Antiques.
  4487 | D:5      | Reached XP level 7. HP: 45/58 MP: 10/10
  4609 | D:5      | Reached *** piety under Lugonu
  4617 | D:5      | Found a glowing drain.
  4621 | Sewer    | Entered a sewer
  4660 | Sewer    | Reached skill level 4 in Axes
  4996 | D:5      | Reached XP level 8. HP: 61/66 MP: 9/11
  5020 | D:5      | Reached skill level 5 in Axes
  5020 | D:5      | Reached skill level 5 in Invocations
  5196 | D:5      | Reached **** piety under Lugonu
  5369 | D:5      | Reached skill level 5 in Armour
  5528 | D:5      | Found an ancient bone altar of Kikubaaqudgha.
  5935 | D:6      | Reached skill level 5 in Fighting
  5935 | D:6      | Reached skill level 6 in Axes
  6154 | D:6      | Found a sacrificial altar of Ru.
  6260 | D:6      | Found Kahul's General Store.
  6263 | D:6      | Bought a scroll of blinking for 105 gold pieces
  6263 | D:6      | Bought a scroll of enchant weapon for 105 gold pieces
  6552 | D:6      | Reached XP level 9. HP: 72/74 MP: 13/13
  6773 | D:7      | Found a snail-covered altar of Cheibriados.
  6889 | D:7      | Reached ***** piety under Lugonu
  6981 | D:7      | Reached skill level 7 in Axes
  7086 | D:7      | Found a staircase to the Ecumenical Temple.
  7134 | D:7      | Found an ornate altar of the Wu Jian Council.
  7205 | D:7      | Reached skill level 1 in Dodging
  7210 | D:7      | Found a shadowy altar of Dithmenos.
  7279 | D:7      | Found an iron altar of Okawaru.
  7284 | D:7      | Found a bloodstained altar of Trog.
  7289 | D:7      | Found a stormy altar of Qazlal.
  7514 | D:8      | You fall through a shaft for 3 floors!
  7540 | D:11     | Identified a scroll of acquirement
  7615 | D:11     | Reached XP level 10. HP: 37/83 MP: 7/15
  7670 | D:10     | Entered Level 10 of the Dungeon
  7855 | D:10     | Reached skill level 8 in Axes
  7977 | D:10     | Noticed Sonja
  7984 | D:10     | Banished Sonja
  8060 | D:10     | You fall through a shaft!
  8184 | D:8      | Noticed a two-headed ogre
  8306 | D:8      | Noticed a two-headed ogre
  8395 | D:7      | Killed a two-headed ogre
  8471 | D:7      | Banished a two-headed ogre
  8521 | D:8      | Noticed Dickchan's ghost (novice CeHu)
  8542 | D:8      | Killed Dickchan's ghost
  8609 | D:8      | Noticed a two-headed ogre
  8616 | D:8      | Killed a two-headed ogre
  8616 | D:8      | Reached skill level 9 in Axes
  8848 | D:8      | Reached XP level 11. HP: 91/91 MP: 17/17
  9123 | D:8      | Noticed Joseph
  9135 | D:8      | Killed Joseph
  9135 | D:8      | Reached skill level 1 in Evocations
  9178 | D:8      | Got a jewelled leather armour
  9189 | D:8      | Identified the +3 leather armour of the Tormentor {MR+ Stlth+} (You found it on level 8 of the Dungeon)
  9370 | D:9      | Gained mutation: You are resistant to hostile enchantments. (MR+) [potion of mutation]
  9370 | D:9      | Gained mutation: Your spells are a little harder to cast, but a little more powerful. [potion of mutation]
  9370 | D:9      | Gained mutation: You have a pair of small horns on your head. [potion of mutation]
  9370 | D:9      | Gained mutation: Your spells are harder to cast, but more powerful. [potion of mutation]
  9713 | D:9      | Noticed a two-headed ogre
  9723 | D:9      | Killed a two-headed ogre
  9795 | D:9      | Reached skill level 1 in Throwing
 10039 | D:9      | Found a staircase to the Lair.
 10473 | Lair:1   | Entered Level 1 of the Lair of Beasts
 11353 | Lair:1   | Noticed a seven-headed hydra
 11354 | Lair:1   | Banished a seven-headed hydra
 11374 | Lair:1   | Reached skill level 10 in Axes
 11852 | Lair:2   | Reached XP level 12. HP: 76/101 MP: 12/19
 12122 | Lair:2   | Noticed a five-headed hydra
 12125 | Lair:2   | Banished a five-headed hydra
 12224 | Lair:2   | Reached skill level 10 in Invocations
 12938 | Lair:3   | Reached skill level 11 in Axes
 13053 | Lair:3   | Found a staircase to the Shoals.
 14109 | Lair:4   | Found a hole to the Spider Nest.
 15295 | Lair:5   | Reached ****** piety under Lugonu
 15325 | Lair:5   | Found a dark tunnel.
 15330 | Volcano  | Entered a volcano
 15448 | Volcano  | Reached XP level 13. HP: 77/111 MP: 14/21
 15583 | Volcano  | Reached skill level 10 in Armour
 15744 | Volcano  | Found a burning altar of Makhleb.
 15754 | Volcano  | HP: 6/166 [salamander/halberd (13)]
 15760 | Lair:5   | HP: 5/111 [poisoned by a red devil]
 16405 | Lair:5   | Reached skill level 12 in Axes
 16759 | Lair:6   | Entered Level 6 of the Lair of Beasts
 17573 | Lair:6   | Got a faintly glowing scale mail
 17853 | Lair:6   | Identified the +2 scale mail "Esuomm" {rElec Int+4} (You found it on level 6 of the Lair of Beasts)
 18065 | Lair:6   | Reached skill level 10 in Fighting
 18136 | Lair:6   | Found a viscous altar of Jiyva.
 18136 | Lair:6   | Found a staircase to the Slime Pits.
 19230 | D:11     | Found a staircase to the Orcish Mines.
 19282 | D:11     | Reached XP level 14. HP: 105/121 MP: 19/22
 19915 | D:12     | Noticed Rupert
 19953 | D:11     | HP: 3/122 [Rupert/antimagic battleaxe (36)]
 19992 | D:11     | Killed Rupert
 19992 | D:11     | Reached skill level 13 in Axes
 20152 | D:12     | Noticed Harold
 20167 | D:12     | Killed Harold
 22474 | D:14     | HP: 1/124 [red ugly thing (16)]
 22476 | D:14     | Slain by a red ugly thing

Skill      XL: |  1  2  3  4  5  6  7  8  9 10 11 12 13 14 |
---------------+-------------------------------------------+-----
Axes           | 2 3 4 6 7 9 10 11 12 13 | 13.7
Armour         | 2 3 4 5 6 7 8 9 10 11 | 11.5
Invocations    | 3 4 5 7 8 9 10 11 12 | 12.8
Fighting       | 4 5 6 7 9 10 11 | 11.2
Dodging        | 1 |  1.5
Evocations     | 1 |  1.4
Throwing       | 1 2 |  2.0

Action                   |  1- 3 |  4- 6 |  7- 9 | 10-12 | 13-15 || total
-------------------------+-------+-------+-------+-------+-------++-------
Melee: Hand axe          |    76 |   130 |       |       |       ||   206
       Kick              |     9 |    44 |    91 |   151 |   201 ||   496
       War axe           |       |    96 |   416 |   585 |   766 ||  1863
       Headbutt          |       |       |       |    66 |   121 ||   187
Throw: Javelin           |     2 |       |     6 |    17 |     9 ||    34
Invok: Depart the Abyss  |     1 |       |       |       |       ||     1
       Banish            |       |       |       |     7 |     8 ||    15
       Bend Space        |       |       |       |     2 |       ||     2
 Abil: Evoke Berserk Rag |       |       |       |     2 |     1 ||     3
  Use: Scroll            |     6 |    11 |    17 |    13 |     6 ||    53
       Potion            |     1 |       |       |     5 |     7 ||    13
 Stab: Distracted        |       |       |       |       |     1 ||     1
  Eat: Ration            |       |     2 |     1 |     6 |     7 ||    16
       Chunk             |       |     2 |     6 |     6 |     9 ||    23
Armor: Plate armour      |    68 |   170 |   467 |   740 |   666 ||  2111
       Scale mail        |       |       |       |       |    17 ||    17
       Skin              |       |       |       |       |     1 ||     1
Dodge: Dodged            |     4 |    20 |    67 |   202 |   173 ||   466
Block: Buckler           |       |       |       |       |     8 ||     8
